 Dungeon Crawl Stone Soup version 0.22.1-1-ga44c0e5 (webtiles) character file.

212 joejoepie the Poker (level 5, 0/70 HPs)
             Began as a Draconian Berserker on Oct 12, 2018.
             Was a Believer of Trog.
             Slain by a river rat (3 damage)
             ... on level 3 of the Dungeon.
             The game lasted 00:10:29 (2500 turns).

joejoepie the Poker (Draconian Berserker)           Turns: 2500, Time: 00:10:30

Health: 0/70       AC:  5    Str: 25    XL:     5   Next: 58%
Magic:  5/5        EV: 13    Int:  7    God:    Trog [**....]
Gold:   156        SH:  0    Dex: 11    Spells: 4/4 levels left

rFire    . . .     SeeInvis .   a - +0 spear
rCold    . . .     Gourm    .   (no shield)
rNeg     . . .     Faith    .   (armour unavailable)
rPois    .         Spirit   .   (helmet restricted)
rElec    .         Reflect  .   (no cloak)
rCorr    .         Harm     .   (no gloves)
MR       .....                  (no boots)
Stlth    ..........             (no amulet)
HPRegen  0.21/turn              (no ring)
MPRegen  0.09/turn              (no ring)

@: berserking, slow
A: unfitting armour, cold-blooded, AC +5
a: Berserk, Trog's Hand, Renounce Religion


You were on level 3 of the Dungeon.
You worshipped Trog.
Trog was pleased with you.
You were very hungry.

You visited 1 branch of the dungeon, and saw 3 of its levels.

You collected 156 gold pieces.

Inventory:

Hand Weapons
 a - a +0 spear (weapon)
Wands
 d - a wand of polymorph (4)
Scrolls
 e - 3 scrolls of identify
 g - a scroll of teleportation
Potions
 f - a potion of magic
Comestibles
 b - 4 rations
 c - 7 chunks of flesh


   Skills:
 + Level 4.3 Fighting
 + Level 4.9 Polearms
 + Level 3.7 Dodging
 + Level 0.5 Stealth


You had 4 spell levels left.
You didn't know any spells.
Your spell library was empty.

Dungeon Overview and Level Annotations

Branches:
Dungeon (3/15)

Altars:
Vehumet

Portals:
Sewer: D:3


Innate Abilities, Weirdness & Mutations

Your plain brown scales are hard. (AC +5)
You cannot fit into any form of body armour.
You are cold-blooded and may be slowed by cold attacks.


Message History

The giant cockroach closely misses you. The adder barely misses you.
You barely miss the rat.
Your tail-slap misses the rat.
The river rat completely misses you. The river rat misses you.
The giant cockroach closely misses you.
You are too berserk!
You puncture the rat!
You kill the rat!
Trog accepts your kill. The adder barely misses you.
The river rat barely misses you.
You puncture the jackal!
You kill the jackal!
Trog accepts your kill.
The giant cockroach completely misses you.
The river rat bites you!
* * * LOW HITPOINT WARNING * * *
The adder misses you.
You puncture the adder!
The adder is severely wounded.
The river rat bites you.
You die...

#......########.#.##
#......# #.#.## #....#.#
#.#.## ###.####.####.#
##.#.##
.%.........##.#######..#.##
###.###....................
#....≈#.###........[..
#..≈s†# ..........####
#.?rS@# ##....#.## #
#.≈≈rr# ###..#.## #
....≈≈≈∩# ..... #
#.########. #..######### #
#.##.##..##.......
............######
#........#### ####.###.# #
#.#


You could see an adder, 2 river rats, a giant cockroach and a rat.

Vanquished Creatures
  A hound (D:2)
  A bullfrog skeleton (D:2)
  7 adders
  2 gnolls (D:2)
  2 worms (D:2)
  3 dart slugs (D:1)
  2 leopard geckos
  2 ball pythons
  7 bats
  A giant cockroach (D:2)
  5 hobgoblins
  7 jackals
  2 quokkas
  4 frilled lizards
  4 goblins
  6 kobolds
  8 rats
64 creatures vanquished.

Notes
Turn   | Place    | Note
-------+----------+-------------------------------------------
     0 | D:1      | joejoepie the Draconian Berserker began the quest for the
                  | Orb.
     0 | D:1      | Reached XP level 1. HP: 19/19 MP: 1/1
   307 | D:1      | Reached XP level 2. HP: 26/26 MP: 2/2
   883 | D:2      | Reached XP level 3. HP: 23/31 MP: 3/3
   929 | D:2      | Reached ** piety under Trog
  1434 | D:2      | Reached XP level 4. HP: 36/40 MP: 4/4
  1537 | D:2      | Found a radiant altar of Vehumet.
  1752 | D:2      | Reached XP level 5. HP: 44/46 MP: 5/5
  2481 | D:3      | Found a glowing drain.
  2499 | D:3      | HP: 2/70 [river rat (10)]
  2500 | D:3      | Slain by a river rat

Skill      XL: |  1  2  3  4 |
---------------+-------------+-----
Dodging        | 3 |  3.7
Polearms       | 4 |  4.9
Fighting       | 4 |  4.3
Stealth        | |  0.5

Action                   |  1- 3 |  4- 6 || total
-------------------------+-------+-------++-------
Melee: Spear             |   124 |   141 ||   265
       Tailslap          |    16 |     9 ||    25
Invok: Berserk           |       |     1 ||     1
  Use: Potion            |     3 |       ||     3
       Scroll            |       |     5 ||     5
 Stab: Sleeping          |       |     1 ||     1
  Eat: Chunk             |     2 |     3 ||     5
Armor: Skin              |    36 |    35 ||    71
Dodge: Dodged            |    62 |   113 ||   175
